 Dungeon Crawl Stone Soup version 0.32-a0-747-gc8563f6773 (webtiles) character file.

Game seed: 10775514832529780752

28 dialectric the Ruffian (level 3, -1/27 HPs)
             Began as a Demonspawn Shapeshifter on Mar 17, 2024.
             Killed from afar by Sigmund (7 damage)
             ... with a puff of flame
             ... on level 2 of the Dungeon.
             The game lasted 00:01:57 (822 turns).

dialectric the Ruffian (Demonspawn Shapeshifter)     Turns: 822, Time: 00:01:57

Health: -1/27      AC:  3    Str: 16    XL:     3   Next: 0%
Magic:  3/3        EV: 11    Int: 10    God:
Gold:   58         SH:  0    Dex: 12    Spells: 2/2 levels left

rFire   . .          .
                       - Unarmed
rCold   . . .        (no shield)
rNeg    . . .        e - +0 leather armour
rPois   .            (helmet currently unavailable)
rElec   .            (cloak currently unavailable)
rCorr   .            (gloves currently unavailable)
SInv    .            (boots currently unavailable)
Will    .....        (no amulet)
Stlth   +            (no ring)
HPRegen 0.24/turn    (no ring)
MPRegen 0.08/turn

%: no passive effects
@: beast-form
A: beast (slay +1), ignite blood 1, subdued magic 1
a: Begin Untransformation


You were on level 2 of the Dungeon.
You were a hulking beast.
You visited 1 branch of the dungeon, and saw 2 of its levels.

You collected 58 gold pieces.

Inventory:

Hand Weapons
 l - a +0 whip
Armour
 a - a +0 animal skin
 e - a +0 leather armour (worn)
Jewellery
 b - a +6 ring of intelligence
Talismans
 c - a beast talisman (active)
 d - a flux talisman
Scrolls
 g - a scroll of noise {unknown}
 h - a scroll of identify {unknown}
 i - a scroll of fog {unknown}
 j - 2 scrolls of enchant armour {unknown}
 k - a scroll of teleportation {unknown}


   Skills:
 * Level 1.7 Fighting
 + Level 2.2 Dodging
 - Level 3.0 Unarmed Combat
 + Level 3.0 Shapeshifting


You had 2 spell levels left.
You didn't know any spells.
Your spell library was empty.

Dungeon Overview and Level Annotations

Branches:
Dungeon (2/15)

Altars:

Annotations:
D:2 Sigmund


Innate Abilities, Weirdness & Mutations

You are a hulking beast.
Your limbs bulge with bestial killing power. (Slay +1)
Your demonic aura sometimes causes spilled blood to erupt in flames.
Your spells are a little easier to cast, but a little less powerful.


Message History

The plant is lightly damaged.
You hit the plant. You punch the plant.
The plant is lightly damaged.
You hit the plant.
The plant is lightly damaged.
A nearby plant withers and dies.
There is a faded altar of an unknown god here.
This altar belongs to (a) Xom, (b) Ignis or (c) Vehumet, but you can't tell which.
Press the corresponding letter to learn more about a god, or press enter to convert or escape to cancel.
Okay, then.
Unknown command.
Press < or > to pray at altars.
What level of the Dungeon? (default 1, ? - help)
Things that are here:
8 stones; a bat skeleton
There is a stone staircase leading down here.
You climb downwards.
Found 10 gold pieces.
There is a stone staircase leading up here.
Sorry, I don't know how to get there.
No target in view!
Key pressed, stopping explore.
No target in view!
Key pressed, stopping explore.
No target in view!
You now have 49 gold pieces (gained 10).
You now have 58 gold pieces (gained 9).
Sigmund the Dreaded comes into view.
He is wielding a +0 scythe and carrying a wand of flame.
Sigmund is nearby!
Sigmund is nearby!
Found a dagger.
Found a stone staircase leading down.
Sigmund closely misses you.
Found a spear.
It was a potion of mutation.
You feel extremely strange.
Your connection to magic feels subdued.
Sigmund hits you with a +0 scythe!
You closely miss Sigmund.
Sigmund zaps a wand.
The puff of flame hits you!
* * * LOW HITPOINT WARNING * * *
You barely miss Sigmund.
Sigmund zaps a wand.
The puff of flame hits you!
You die...
Sigmund begins carving another notch in his scythe.

## ########..
#......#.#
#.####.#.#
##.####.#.#####
#...#...h@....#
#.#...#.#.#.#...
#...###.#...
##.####.#....)
##......#.).>...
#........##.####
#..#####.# .#
#..# . .# #..###


You could see Sigmund.

Vanquished Creatures
  A dart slug (D:1)
  2 ball pythons (D:1)
  3 bats (D:1)
  4 endoplasms (D:1)
  2 giant cockroaches (D:1)
  2 goblins (D:1)
  2 hobgoblins (D:1)
  A quokka (D:1)
  3 frilled lizards (D:1)
  2 kobolds (D:1)
  2 rats (D:1)
24 creatures vanquished.

Notes
Turn   | Place    | Note
-------+----------+-------------------------------------------
     0 | D:1      | dialectric the Demonspawn Shapeshifter began the quest for
                  | the Orb.
     0 | D:1      | Reached XP level 1. HP: 15/15 MP: 1/1
   220 | D:1      | Found a faded altar of an unknown god.
   255 | D:1      | Gained mutation: Your demonic aura sometimes causes spilled
                  | blood to erupt in flames. [demonic ancestry]
   255 | D:1      | Reached XP level 2. HP: 9/21 MP: 2/2
   671 | D:1      | Reached XP level 3. HP: 26/27 MP: 3/3
   816 | D:2      | Noticed Sigmund
   820 | D:2      | Gained mutation: Your spells are a little easier to cast,
                  | but a little less powerful. [potion of mutation]
   822 | D:2      | Killed from afar by Sigmund

Illustrated notes

Levels and vault maps discovered:
D:1:      tarquinn_simple_flora_water_b, layout_rooms,
          shapermc_ecumenical_altar_mp_urbaneastern
D:2:      layout_loops_corners, uniq_robin, uniq_sigmund

Skill      XL: |  1  2 |
---------------+-------+-----
Dodging        | 2 |  2.2
Unarmed Combat | 3 |  3.0
Shapeshifting  | 3 |  3.0
Fighting       | |  1.7

Action                     || total
---------------------------++-------
  Melee: Unarmed           ||    90
         Punch             ||     4
    Use: Potion            ||     2
 Armour: Leather armour    ||    40
         Skin              ||     5
         Animal skin       ||     3
  Dodge: Dodged            ||    44

Table legend: (Time is in decaauts)
 A = Elapsed time spent in this place.
 B = Non-inter-level travel time spent in this place.
 C = Inter-level travel time spent in this place.
 D = Time resting spent in this place.
 E = Time spent auto-exploring this place.
 F = Levels seen in this place.
 G = Mean time per level.
                   A        B        C        D        E       F      G
               +--------+--------+--------+--------+--------+-----+--------+
         Total |    816 |    740 |     76 |     82 |    383 |   2 |  408.0 |
       Dungeon |    816 |    740 |     76 |     82 |    383 |   2 |  408.0 |
               +--------+--------+--------+--------+--------+-----+--------+

Top non-repeatable levels by time:
     D:1: 789 daAuts
     D:2: 27 daAuts
